 Dungeon Crawl Stone Soup version 0.26.0-20-g3ca415f5b8 (webtiles) character file.

Game seed: 4800268646725218295

7855 hawla the Thaumaturge (level 11, -1/86 HPs)
             Began as a Pale Draconian Conjurer on Jan 25, 2021.
             Was an Initiate of Gozag.
             Slain by a komodo dragon (26 damage)
             ... on level 10 of the Dungeon.
             The game lasted 00:37:48 (14870 turns).

hawla the Thaumaturge (Pale Draconian Conjurer)    Turns: 14870, Time: 00:37:48

Health: -1/86      AC:  9    Str:  9    XL:     11   Next: 2%
Magic:  1/26       EV: 12    Int: 23    God:    Gozag
Gold:   456        SH:  4    Dex:  9    Spells: 25/32 levels left

rFire    . . .     SeeInvis .   (no weapon)
rCold    . . .     Faith    .   b - +0 buckler
rNeg     . . .     Spirit   .   (armour unavailable)
rPois    .         Reflect  .   (helmet restricted)
rElec    .         Harm     .   (no cloak)
rCorr    +         Rampage  .   f - +1 pair of gloves
Will     .....                  (no boots)
Stlth    ++........             (no amulet)
HPRegen  0.24/turn              j - ring of resist corrosion
MPRegen  0.20/turn              (no ring)

@: gold aura
A: breathe steam, unfitting armour, cold-blooded, AC +7
a: Breathe Steam, Renounce Religion, Potion Petition, Call Merchant, Bribe
Branch


You were on level 10 of the Dungeon.
You worshipped Gozag.
Gozag was aware of your devotion.
You visited 2 branches of the dungeon, and saw 11 of its levels.

You collected 854 gold pieces.
You spent 304 gold pieces at shops.
You paid 94 gold pieces to Gozag.

Inventory:

Hand Weapons
 m - a +0 quarterstaff
Missiles
 c - 5 boomerangs
 h - 11 atropa-tipped darts
 l - 31 poisoned darts (quivered)
Armour
 b - a +0 buckler (worn)
 f - a +1 pair of gloves (worn)
 u - a scarf of shadows
 w - a scarf of harm
 y - the +1 pair of boots of Parts Unknown {Harm}
   (You bought it in a shop on level 4 of the Dungeon)

   It increases damage dealt and taken.
Jewellery
 j - a ring of resist corrosion (left hand)
Wands
 q - a wand of digging (3)
 z - a wand of random effects (13)
 C - a wand of flame (35)
Scrolls
 a - 6 scrolls of remove curse
 d - a scroll of magic mapping
 e - 4 scrolls of identify
 g - a scroll of enchant armour
 k - 2 scrolls of teleportation
 p - 3 scrolls of enchant weapon
Potions
 i - a potion of flight
 n - a potion of ambrosia {unknown}
 o - 3 potions of haste
 r - a potion of heal wounds {unknown}
 s - a potion of might {unknown}
 t - a potion of brilliance {unknown}
 A - a potion of mutation {unknown}
 D - a potion of lignification {unknown}


   Skills:
 - Level 5.1 Fighting
 + Level 8.8 Staves
 - Level 2.0 Dodging
 - Level 2.0 Stealth
 - Level 4.0 Shields
 + Level 11.1 Spellcasting
 - Level 8.7 Conjurations
 - Level 3.0 Translocations


You had 25 spell levels left.
You knew the following spells:

 Your Spells              Type           Power        Failure   Level
a - Magic Dart            Conj           100%         1%          1
b - Searing Ray           Conj           100%         1%          2
c - Iskenderun's Mystic   Conj/Tloc      39%          4%          4

Your spell library contained the following spells:

 Spells                   Type           Power        Failure   Level
 Dazzling Flash           Conj/Hex       64%          2%          3
 Animate Skeleton         Necr           24%          4%          1
 Corona                   Hex            13%          4%          1
 Pain                     Necr           48%          4%          1
 Summon Small Mammal      Summ           48%          4%          1
 Ensorcelled Hibernation  Hex/Ice        24%          8%          2
 Fulminant Prism          Conj/Hex       16%          9%          4
 Confusing Touch          Hex            12%          16%         3
 Tukima's Dance           Hex            12%          16%         3
 Vampiric Draining        Necr           6%           16%         3
 Animate Dead             Necr           6%           45%         4
 Agony                    Necr           12%          80%         5


Dungeon Overview and Level Annotations

Branches:
Dungeon (10/15)            Temple (1/1) D:5
   Lair: D:8-11         Orc: D:9-12

Altars:
Ashenzari
Cheibriados
Dithmenos
Elyvilon
Fedhas
Gozag
Hepliaklqana
Kikubaaqudgha
Makhleb
Nemelex Xobeh
Okawaru
Qazlal
Ru
Sif Muna
Trog
Uskayaw
Vehumet
Wu Jian
Xom
Yredelemnul
Zin
The Shining One

Shops:
D:4 [[::   D:5 *   D:8 [[*:


Innate Abilities, Weirdness & Mutations

You can breathe blasts of scalding, opaque steam.
Your pale cyan-grey scales are hard. (AC +7)
You cannot fit into any form of body armour.
You are cold-blooded and may be slowed by cold attacks.


Message History

* * * LOW HITPOINT WARNING * * *
You hit the komodo dragon.
Your tail-slap misses the komodo dragon.
The komodo dragon is severely wounded.
You block the komodo dragon's attack.
You hit the komodo dragon but do no damage.
The komodo dragon is severely wounded.
The komodo dragon completely misses you.
Casting: Magic Dart (safe; 1% risk of failure)
Confirm with . or Enter, or press ? or * to list all spells.
Aiming: Magic Dart (safe; 1% risk of failure)
Press: ? - help, Shift-Dir - straight line, f/p - komodo dragon
Aim: a komodo dragon (severely wounded, 0% to evade)
The magic dart hits the komodo dragon.
The komodo dragon is severely wounded.
The komodo dragon bites you!
* * * LOW HITPOINT WARNING * * *
You feel better. The komodo dragon bites you!!
You die...
Your body crumbles into a pile of gold.

$# #...#...# ##$#
#.#####.# ..$#
#...#...# ####
##..#.### # ###
#### #....# # #..
..# #.#### #####.#
#.# #.#
...##.#####.#####.#
##.##.##.....$$l@.#
##.##.##.##.#######
......##.##.#
##.#....F.F.#
##.#.....####
.[.####### ####


You could see a komodo dragon.

Vanquished Creatures
  A two-headed ogre (D:8)
  An unseen horror (D:8)
  A cyclops (D:9)
  Maurice (D:9)
  A gargoyle (D:9)
  A hornet (D:6)
  Prince Ribbit (D:7)
  3 yaks (D:8)
  A sky beast (D:9)
  An ice beast (D:8)
  4 orc warriors
  5 ogres
  A black bear (D:10)
  A centaur (D:5)
  A phantom (D:8)
  A big kobold (D:9)
  7 bullfrogs
  A wyvern zombie (D:5)
  3 scorpions
  13 killer bees
  11 wights (D:6)
  4 howler monkeys
  2 orc priests
  2 bullfrog skeletons
  5 hounds
  13 orc wizards
  3 iguanas
  2 worker ants
  A killer bee zombie (D:5)
  2 hound zombies
  4 hound skeletons
  14 gnolls
  12 adders
  3 shadow imps
  2 white imps
  3 oozes
  An adder zombie (D:4)
  An adder skeleton (D:4)
  A worm (D:4)
  3 dart slugs
  7 leopard geckos
  38 orcs
  6 giant cockroaches
  4 hobgoblins
  11 jackals
  5 quokkas
  14 bats
  A frilled lizard (D:1)
  7 goblins
  A jackal skeleton (D:7)
  14 kobolds
  A quokka skeleton (D:7)
  13 rats
  A rat zombie (D:4)
261 creatures vanquished.

Vanquished Creatures (others)
  57 fungi (D:10)
  46 plants
103 creatures vanquished.

Grand Total: 364 creatures vanquished

Notes
Turn   | Place    | Note
-------+----------+-------------------------------------------
     0 | D:1      | hawla the Draconian Conjurer began the quest for the Orb.
     0 | D:1      | Reached XP level 1. HP: 14/14 MP: 3/3
   365 | D:1      | Reached skill level 1 in Fighting
   365 | D:1      | Reached XP level 2. HP: 23/23 MP: 1/5
   604 | D:1      | Learned a level 2 spell: Searing Ray
   873 | D:1      | Reached skill level 1 in Shields
  1129 | D:1      | Reached XP level 3. HP: 28/28 MP: 4/6
  1629 | D:2      | Reached skill level 3 in Spellcasting
  1629 | D:2      | Reached XP level 4. HP: 35/35 MP: 3/8
  1634 | D:2      | Learned a level 4 spell: Iskenderun's Mystic Blast
  2701 | D:3      | Noticed an ogre
  2707 | D:3      | Killed an ogre
  2708 | D:3      | Reached skill level 1 in Translocations
  2708 | D:3      | Reached XP level 5. HP: 17/40 MP: 2/9
  3686 | D:3      | Reached XP level 6. HP: 47/47 MP: 6/10
  4130 | D:4      | Found Bereqon's Antique Armour Emporium.
  4764 | D:4      | Reached skill level 5 in Conjurations
  4878 | D:4      | Found Butoph's Book Shoppe.
  4958 | D:4      | Your scales start taking on a pale cyan-grey colour.
  4958 | D:4      | Reached XP level 7. HP: 45/52 MP: 0/12
  5251 | D:4      | Found Aguawn's Book Emporium.
  5403 | D:4      | Found an ancient bone altar of Kikubaaqudgha.
  5512 | D:4      | Found Xicem's Armour Boutique.
  5725 | D:4      | Reached skill level 5 in Fighting
  5725 | D:4      | Reached skill level 7 in Spellcasting
  5725 | D:4      | Reached XP level 8. HP: 68/68 MP: 12/18
  5821 | D:5      | Entered Level 5 of the Dungeon
  5947 | D:5      | Found a radiant altar of Vehumet.
  6039 | D:5      | Found Laasamem's General Store.
  6154 | D:5      | Found a white marble altar of Elyvilon.
  6432 | D:5      | Found a staircase to the Ecumenical Temple.
  6486 | Temple   | Entered the Ecumenical Temple
  7349 | D:6      | Reached skill level 8 in Spellcasting
  7574 | D:6      | Found a shadowy altar of Dithmenos.
  7757 | D:6      | Reached XP level 9. HP: 71/74 MP: 7/21
  8061 | D:6      | Found a bloodstained altar of Trog.
  8217 | D:6      | Found a shimmering blue altar of Sif Muna.
  8222 | D:6      | Identified Sif Muna's Incunabulum of Creative Dark Magic
  8308 | D:6      | Paralysed by a hornet for 3 turns
  8670 | D:6      | Reached skill level 9 in Spellcasting
  9257 | D:7      | Noticed Prince Ribbit
  9270 | D:7      | Killed Prince Ribbit
 10324 | D:8      | HP: 3/74 [something (10)]
 10659 | D:8      | Reached skill level 10 in Spellcasting
 10860 | D:8      | Killed an unseen horror
 10861 | D:8      | Reached XP level 10. HP: 71/81 MP: 15/24
 11086 | D:8      | Found Sushrotu's Book Shop.
 11105 | D:8      | Found Uzxuxoq's Assorted Antiques.
 11179 | D:8      | Found Ado Tet's Antique Armour Shoppe.
 11291 | D:8      | Found Vukloi Ynwia's Antique Armour Emporium.
 11470 | D:8      | Found an opulent altar of Gozag.
 11470 | D:8      | Found a hide-covered altar of Uskayaw.
 11470 | D:8      | Found a broken altar of Ashenzari.
 11477 | D:8      | Became a worshipper of Gozag Ym Sagoz the Greedy
 11820 | D:9      | Noticed a two-headed ogre
 11887 | D:9      | Noticed a cyclops
 12332 | D:8      | Killed a two-headed ogre
 12724 | D:4      | Bought a pair of spiked boots for 304 gold pieces
 12729 | D:4      | Identified the +1 pair of boots of Parts Unknown {Harm}
                  | (You bought it in a shop on level 4 of the Dungeon)
 13057 | D:9      | Killed a cyclops
 13157 | D:9      | Noticed a gargoyle
 13236 | D:10     | Entered Level 10 of the Dungeon
 13432 | D:9      | Killed a gargoyle
 13672 | D:9      | Noticed Maurice
 13684 | D:9      | Killed Maurice
 14186 | D:9      | Noticed a cyclops
 14248 | D:9      | Reached skill level 11 in Spellcasting
 14596 | D:9      | Found a sacrificial altar of Ru.
 14828 | D:10     | Reached XP level 11. HP: 79/86 MP: 0/26
 14870 | D:10     | Slain by a komodo dragon

Illustrated notes

Levels and vault maps discovered:
D:1:      minmay_arrival_split_and_join, layout_basic,
          chequers_serial_rivers_micro_c, minmay_rat_gold_closets
D:2:      layout_rooms
D:3:      layout_basic, chequers_serial_rivers_micro_b
D:4:      layout_loops_ring, lemuel_zombie_altar_kikubaaqudgha, serial_shops,
          shop, shop_statue, shop_statue, nicolae_shop_stone, roderic_batcave
D:5:      layout_loops_corners, vehumet_crystals, elyvilon_altar_5,
          minmay_temple_entry_hall, serial_shops, nicolae_shop_statue_plus
D:6:      layout_basic, nzn_overflow_gifts_of_might_and_magic,
          lemuel_doored_altar
D:7:      layout_basic, amethyst_killhole, wad_floor_pattern_2,
          uniq_prince_ribbit1
D:8:      layout_loops_corners, gammafunk_temple_overflow_forgotten,
          serial_glass, glass_columns_a, glass_columns_b, serial_shops, shop,
          shop, shop, nicolae_shop_waterfront
D:9:      layout_long_grid, nicolae_ru_the_path_less_chosen, uniq_maurice
D:10:     layout_loops_cross, due_lair_maze_entry_diamond,
          evilmike_ruin_ashenzari
Temple:   hc_temple_tempest_star

Skill      XL: |  1  2  3  4  5  6  7  8  9 10 |
---------------+-------------------------------+-----
Dodging        | 2 |  2.0
Stealth        | 2 |  2.0
Fighting       | 1 5 |  5.1
Shields        | 1 2 4 |  4.0
Spellcasting   | 3 7 8 10 11 | 11.1
Translocations | 1 3 |  3.0
Conjurations   | 5 8 |  8.7
Staves         | 6 7 8 |  8.8

Action                   |  1- 3 |  4- 6 |  7- 9 | 10-12 || total
-------------------------+-------+-------+-------+-------++-------
Melee: Unarmed           |    18 |    48 |    32 |    12 ||   110
       Tailslap          |     2 |     1 |     2 |       ||     5
Throw: Dart              |       |     1 |       |       ||     1
 Cast: Magic Dart        |    41 |    58 |    52 |    56 ||   207
       Searing Ray       |    15 |    33 |    80 |    35 ||   163
       Iskenderun's Myst |       |     1 |    11 |    31 ||    43
  Use: Scroll            |     4 |     8 |     3 |     4 ||    19
       Potion            |       |     3 |     2 |     2 ||     7
 Stab: Sleeping          |       |     1 |       |       ||     1
Armor: Skin              |     5 |    16 |    40 |    22 ||    83
Dodge: Dodged            |    23 |    50 |    77 |    42 ||   192
Block: Buckler           |       |    15 |    23 |    13 ||    51
